2922 views
Uploaded 2020-02-23 16:49:56
Game version 1.32 / 1.32.1
29:07 long 3on3 ladder game on (8)Battleground_LV
Saved by iggythefisk
2922 views
Uploaded 2020-02-23 16:49:56
Game version 1.32 / 1.32.1
29:07 long 3on3 ladder game on (8)Battleground_LV


93 units @ 6.4k
/ 0k
290 buildings @ 16.3k
/ 8k



| Staff of Sanctuary | 4 | 1000 |
| Scroll of Regeneration | 2 | 200 |
| Lesser Clarity Potion | 1 | 70 |
| Periapt of Vitality | 2 | 650 |
| Boots of Speed | 3 | 750 |
| Staff of Teleportation | 3 | 450 |
| Orb of Venom | 3 | 975 |
| total: | 18 | 4095g |
| Peasant | 24 | 1800 | / | 0 |
| Priest | 1 | 135 | / | 10 |
| total: | 25 | 1935g | / | 10w |
| Scout Tower | 87 | 2610 | / | 1740 |
| Arcane Tower | 5 | 350 | / | 250 |
| Guard Tower | 34 | 2380 | / | 1700 |
| Altar of Kings | 1 | 180 | / | 50 |
| Lumber Mill | 1 | 120 | / | 0 |
| Farm | 4 | 320 | / | 80 |
| Town Hall | 2 | 770 | / | 410 |
| Arcane Vault | 2 | 260 | / | 60 |
| Arcane Sanctum | 1 | 150 | / | 140 |
| Keep | 1 | 320 | / | 210 |
| Castle | 1 | 360 | / | 210 |
| total: | 98 | 4410g | / | 2480w |
| 0:05 | Peasant |
| 0:07 | Altar of Kings |
| 0:11 | Peasant |
| 0:26 | Lumber Mill |
| 0:28 | Peasant |
| 0:32 | Farm |
| 0:33 | Peasant |
| 0:50 | Peasant |
| 0:55 | Farm |
| 0:57 | Peasant |
| 1:11 | Scout Tower |
| 1:20 | Peasant |
| 1:26 | Peasant |
| 1:29 | Scout Tower |
| 1:33 | Scout Tower |
| 1:36 | Peasant |
| 1:38 | Improved Masonry |
| 1:43 | Scout Tower |
| 1:48 | Peasant |
| 1:51 | Arcane Tower |
| 2:02 | Arcane Tower |
| 2:06 | Summon Water Elemental |
| 2:09 | Scout Tower |
| 2:16 | Guard Tower |
| 2:17 | Scout Tower |
| 2:23 | Peasant |
| 2:24 | Peasant |
| 2:34 | Arcane Tower |
| 2:36 | Guard Tower |
| 2:38 | Scout Tower |
| 2:39 | Scout Tower |
| 2:41 | Scout Tower |
| 2:44 | Guard Tower |
| 2:47 | Peasant |
| 2:58 | Peasant |
| 3:00 | Scout Tower |
| 3:09 | Guard Tower |
| 3:10 | Guard Tower |
| 3:11 | Scout Tower |
| 3:40 | Guard Tower |
| 3:41 | Scout Tower |
| 3:42 | Brilliance Aura |
| 3:47 | Guard Tower |
| 3:48 | Scout Tower |
| 3:59 | Guard Tower |
| 4:32 | Peasant |
| 4:35 | Peasant |
| 5:00 | Town Hall |
| 5:04 | Scout Tower |
| 5:05 | Scout Tower |
| 5:06 | Scout Tower |
| 5:07 | Scout Tower |
| 5:21 | Guard Tower |
| 5:22 | Keep |
| 5:28 | Guard Tower |
| 5:29 | Scout Tower |
| 5:30 | Scout Tower |
| 5:45 | Arcane Tower |
| 5:48 | Scout Tower |
| 5:48 | Scout Tower |
| 5:52 | Scout Tower |
| 5:53 | Scout Tower |
| 5:54 | Scout Tower |
| 5:55 | Scout Tower |
| 5:56 | Scout Tower |
| 6:13 | Farm |
| 6:16 | Guard Tower |
| 6:19 | Scout Tower |
| 6:19 | Scout Tower |
| 6:21 | Scout Tower |
| 6:22 | Scout Tower |
| 6:58 | Peasant |
| 6:58 | Peasant |
| 6:58 | Peasant |
| 6:59 | Guard Tower |
| 7:00 | Summon Water Elemental |
| 7:11 | Scout Tower |
| 7:12 | Scout Tower |
| 7:13 | Guard Tower |
| 7:17 | Scout Tower |
| 7:17 | Scout Tower |
| 7:18 | Scout Tower |
| 7:21 | Guard Tower |
| 7:22 | Guard Tower |
| 8:04 | Peasant |
| 8:07 | Advanced Masonry |
| 8:12 | Guard Tower |
| 8:20 | Peasant |
| 8:20 | Peasant |
| 8:27 | Guard Tower |
| 8:29 | Scout Tower |
| 8:29 | Scout Tower |
| 8:36 | Guard Tower |
| 8:37 | Scout Tower |
| 8:40 | Scout Tower |
| 8:45 | Storm Bolt |
| 8:54 | Scout Tower |
| 8:55 | Scout Tower |
| 8:55 | Scout Tower |
| 8:56 | Scout Tower |
| 8:57 | Scout Tower |
| 8:58 | Scout Tower |
| 9:03 | Guard Tower |
| 9:04 | Scout Tower |
| 9:05 | Scout Tower |
| 9:12 | Guard Tower |
| 9:14 | Scout Tower |
| 9:22 | Improved Lumber Harvesting |
| 9:49 | Guard Tower |
| 9:50 | Scout Tower |
| 9:51 | Arcane Tower |
| 10:19 | Guard Tower |
| 10:20 | Castle |
| 10:22 | Scout Tower |
| 10:22 | Scout Tower |
| 10:41 | Scout Tower |
| 10:42 | Guard Tower |
| 10:44 | Scout Tower |
| 10:47 | Scout Tower |
| 10:49 | Scout Tower |
| 10:49 | Scout Tower |
| 10:50 | Scout Tower |
| 10:52 | Scout Tower |
| 10:53 | Scout Tower |
| 11:17 | Guard Tower |
| 11:36 | Arcane Sanctum |
| 11:49 | Periapt of Vitality |
| 11:57 | Guard Tower |
| 12:09 | Boots of Speed |
| 12:13 | Boots of Speed |
| 12:18 | Arcane Vault |
| 12:23 | Arcane Vault |
| 12:41 | Imbued Masonry |
| 12:42 | Advanced Lumber Harvesting |
| 12:47 | Magic Sentry |
| 12:48 | Peasant |
| 12:48 | Peasant |
| 12:52 | Staff of Teleportation |
| 12:59 | Staff of Teleportation |
| 13:39 | Holy Light |
| 13:45 | Staff of Sanctuary |
| 13:52 | Orb of Venom |
| 13:59 | Brilliance Aura |
| 14:18 | Staff of Sanctuary |
| 14:32 | Guard Tower |
| 14:33 | Scout Tower |
| 14:35 | Scout Tower |
| 14:36 | Scout Tower |
| 14:37 | Scout Tower |
| 15:36 | Scout Tower |
| 15:37 | Scout Tower |
| 15:45 | Farm |
| 16:01 | Guard Tower |
| 16:08 | Scroll of Regeneration |
| 16:12 | Orb of Venom |
| 16:17 | Staff of Sanctuary |
| 16:20 | Staff of Sanctuary |
| 16:33 | Guard Tower |
| 16:38 | Scout Tower |
| 16:38 | Scout Tower |
| 16:39 | Guard Tower |
| 16:50 | Priest Adept Training |
| 16:51 | Priest |
| 16:53 | Guard Tower |
| 17:11 | Scout Tower |
| 17:11 | Scout Tower |
| 17:12 | Scout Tower |
| 17:37 | Guard Tower |
| 17:46 | Scout Tower |
| 17:50 | Guard Tower |
| 18:18 | Orb of Venom |
| 19:10 | Bash |
| 20:07 | Guard Tower |
| 20:11 | Scout Tower |
| 20:12 | Scout Tower |
| 20:12 | Scout Tower |
| 20:12 | Scout Tower |
| 20:13 | Scout Tower |
| 20:13 | Scout Tower |
| 20:14 | Scout Tower |
| 20:14 | Scout Tower |
| 20:15 | Scout Tower |
| 20:16 | Scout Tower |
| 20:20 | Town Hall |
| 20:28 | Boots of Speed |
| 20:29 | Staff of Teleportation |
| 20:45 | Scout Tower |
| 20:45 | Scout Tower |
| 20:46 | Scout Tower |
| 20:46 | Scout Tower |
| 20:47 | Scout Tower |
| 20:47 | Scout Tower |
| 21:08 | Guard Tower |
| 22:20 | Divine Shield |
| 24:34 | Storm Bolt |
| 25:17 | Summon Water Elemental |
| 27:39 | Scroll of Regeneration |
| 27:41 | Lesser Clarity Potion |
| 28:05 | Periapt of Vitality |
| 28:09 | Holy Light |
| Right click | 1722 |
| Select group | 1016 |
| Select | 490 |
| Assign group | 295 |
| Chat | 216 |
| Build/train/purchase | 212 |
| Use ability | 86 |
| Misc. action | 49 |
| Item give/drop | 7 |
| Resource trade | 6 |
| Minimap ping | 2 |



| Scroll of Regeneration | 1 | 100 |
| Staff of Sanctuary | 2 | 500 |
| Staff of Teleportation | 3 | 450 |
| Boots of Speed | 2 | 500 |
| Periapt of Vitality | 1 | 325 |
| Circlet of Nobility | 1 | 175 |
| Orb of Venom | 3 | 975 |
| total: | 13 | 3025g |
| Peasant | 26 | 1950 | / | 0 |
| total: | 26 | 1950g | / | 0w |
| Scout Tower | 149 | 4470 | / | 2980 |
| Arcane Tower | 5 | 350 | / | 250 |
| Guard Tower | 67 | 4690 | / | 3350 |
| Altar of Kings | 1 | 180 | / | 50 |
| Farm | 4 | 320 | / | 80 |
| Lumber Mill | 1 | 120 | / | 0 |
| Arcane Vault | 1 | 130 | / | 30 |
| Town Hall | 1 | 385 | / | 205 |
| Keep | 1 | 320 | / | 210 |
| Castle | 1 | 360 | / | 210 |
| total: | 157 | 5605g | / | 3345w |
| 0:00 | Peasant |
| 0:04 | Altar of Kings |
| 0:12 | Peasant |
| 0:22 | Peasant |
| 0:31 | Farm |
| 0:34 | Peasant |
| 0:46 | Peasant |
| 0:57 | Scout Tower |
| 1:02 | Lumber Mill |
| 1:03 | Peasant |
| 1:18 | Scout Tower |
| 1:25 | Arcane Tower |
| 1:26 | Peasant |
| 1:32 | Peasant |
| 1:41 | Scout Tower |
| 1:44 | Peasant |
| 1:47 | Farm |
| 2:11 | Guard Tower |
| 2:13 | Scout Tower |
| 2:14 | Guard Tower |
| 2:22 | Farm |
| 2:27 | Blizzard |
| 2:46 | Guard Tower |
| 2:47 | Scout Tower |
| 3:01 | Peasant |
| 3:02 | Peasant |
| 3:30 | Arcane Vault |
| 3:31 | Guard Tower |
| 3:32 | Peasant |
| 3:35 | Peasant |
| 3:41 | Scout Tower |
| 3:42 | Scout Tower |
| 3:44 | Scout Tower |
| 3:50 | Improved Masonry |
| 4:03 | Scout Tower |
| 4:12 | Guard Tower |
| 4:29 | Guard Tower |
| 4:30 | Scout Tower |
| 4:31 | Scout Tower |
| 4:32 | Scout Tower |
| 4:32 | Scout Tower |
| 4:33 | Scout Tower |
| 4:34 | Scout Tower |
| 4:35 | Scout Tower |
| 4:53 | Brilliance Aura |
| 4:57 | Peasant |
| 4:57 | Peasant |
| 5:00 | Keep |
| 5:01 | Guard Tower |
| 5:01 | Guard Tower |
| 5:02 | Guard Tower |
| 5:07 | Scout Tower |
| 5:07 | Guard Tower |
| 5:27 | Guard Tower |
| 5:28 | Guard Tower |
| 5:29 | Scout Tower |
| 5:30 | Scout Tower |
| 5:36 | Guard Tower |
| 5:37 | Scout Tower |
| 5:37 | Scout Tower |
| 5:59 | Guard Tower |
| 6:00 | Scout Tower |
| 6:00 | Scout Tower |
| 6:18 | Guard Tower |
| 6:20 | Scout Tower |
| 6:21 | Scout Tower |
| 6:23 | Scout Tower |
| 6:26 | Scroll of Regeneration |
| 6:34 | Guard Tower |
| 6:37 | Scout Tower |
| 6:49 | Guard Tower |
| 6:49 | Guard Tower |
| 6:59 | Scout Tower |
| 7:16 | Guard Tower |
| 7:23 | Guard Tower |
| 7:26 | Advanced Masonry |
| 7:26 | Improved Lumber Harvesting |
| 7:27 | Guard Tower |
| 7:58 | Guard Tower |
| 7:59 | Guard Tower |
| 7:59 | Guard Tower |
| 8:19 | Scout Tower |
| 8:46 | Guard Tower |
| 9:14 | Blizzard |
| 9:23 | Storm Bolt |
| 9:29 | Staff of Teleportation |
| 9:29 | Boots of Speed |
| 9:34 | Castle |
| 10:07 | Scout Tower |
| 10:07 | Scout Tower |
| 10:22 | Staff of Teleportation |
| 10:42 | Guard Tower |
| 10:48 | Scout Tower |
| 10:49 | Scout Tower |
| 10:50 | Scout Tower |
| 10:51 | Scout Tower |
| 10:51 | Scout Tower |
| 10:52 | Scout Tower |
| 11:21 | Guard Tower |
| 11:21 | Guard Tower |
| 11:22 | Guard Tower |
| 11:25 | Town Hall |
| 11:29 | Scout Tower |
| 11:30 | Scout Tower |
| 11:30 | Scout Tower |
| 11:31 | Scout Tower |
| 11:31 | Guard Tower |
| 11:33 | Scout Tower |
| 11:34 | Scout Tower |
| 11:34 | Scout Tower |
| 11:34 | Scout Tower |
| 11:45 | Guard Tower |
| 11:50 | Guard Tower |
| 12:02 | Imbued Masonry |
| 12:03 | Guard Tower |
| 12:04 | Guard Tower |
| 12:09 | Scout Tower |
| 12:09 | Scout Tower |
| 12:09 | Scout Tower |
| 12:10 | Scout Tower |
| 12:11 | Guard Tower |
| 12:12 | Scout Tower |
| 12:12 | Scout Tower |
| 12:13 | Guard Tower |
| 12:21 | Farm |
| 12:24 | Scout Tower |
| 12:26 | Staff of Sanctuary |
| 12:33 | Guard Tower |
| 12:38 | Guard Tower |
| 12:44 | Arcane Tower |
| 13:03 | Arcane Tower |
| 13:04 | Arcane Tower |
| 13:09 | Arcane Tower |
| 13:09 | Guard Tower |
| 13:40 | Peasant |
| 13:41 | Peasant |
| 14:14 | Orb of Venom |
| 14:24 | Guard Tower |
| 14:25 | Guard Tower |
| 15:06 | Holy Light |
| 15:33 | Scout Tower |
| 15:44 | Scout Tower |
| 15:45 | Scout Tower |
| 15:46 | Scout Tower |
| 15:47 | Scout Tower |
| 15:48 | Scout Tower |
| 15:49 | Scout Tower |
| 16:03 | Staff of Sanctuary |
| 16:13 | Scout Tower |
| 16:16 | Scout Tower |
| 16:19 | Scout Tower |
| 16:20 | Guard Tower |
| 16:21 | Peasant |
| 16:24 | Scout Tower |
| 16:26 | Scout Tower |
| 16:27 | Scout Tower |
| 16:27 | Scout Tower |
| 16:39 | Guard Tower |
| 16:40 | Guard Tower |
| 16:43 | Advanced Lumber Harvesting |
| 16:45 | Guard Tower |
| 16:50 | Scout Tower |
| 16:51 | Guard Tower |
| 16:53 | Guard Tower |
| 17:01 | Guard Tower |
| 17:09 | Orb of Venom |
| 17:30 | Boots of Speed |
| 17:37 | Scout Tower |
| 17:38 | Scout Tower |
| 17:49 | Staff of Teleportation |
| 17:50 | Periapt of Vitality |
| 17:50 | Circlet of Nobility |
| 18:49 | Scout Tower |
| 18:50 | Scout Tower |
| 18:50 | Scout Tower |
| 18:51 | Scout Tower |
| 18:51 | Scout Tower |
| 18:52 | Scout Tower |
| 19:13 | Orb of Venom |
| 19:34 | Peasant |
| 19:35 | Peasant |
| 19:44 | Guard Tower |
| 19:45 | Scout Tower |
| 19:46 | Scout Tower |
| 19:46 | Scout Tower |
| 19:47 | Scout Tower |
| 19:47 | Scout Tower |
| 19:47 | Scout Tower |
| 19:50 | Scout Tower |
| 19:50 | Scout Tower |
| 19:51 | Scout Tower |
| 19:51 | Scout Tower |
| 19:52 | Scout Tower |
| 19:52 | Scout Tower |
| 19:53 | Scout Tower |
| 19:55 | Scout Tower |
| 19:56 | Scout Tower |
| 19:57 | Scout Tower |
| 20:23 | Scout Tower |
| 20:23 | Scout Tower |
| 20:24 | Scout Tower |
| 20:24 | Scout Tower |
| 20:25 | Scout Tower |
| 20:25 | Scout Tower |
| 20:25 | Scout Tower |
| 20:26 | Scout Tower |
| 20:27 | Guard Tower |
| 20:44 | Guard Tower |
| 21:03 | Guard Tower |
| 21:11 | Scout Tower |
| 21:12 | Scout Tower |
| 21:12 | Scout Tower |
| 21:12 | Scout Tower |
| 21:13 | Scout Tower |
| 21:14 | Scout Tower |
| 21:15 | Scout Tower |
| 21:16 | Scout Tower |
| 21:17 | Scout Tower |
| 21:17 | Scout Tower |
| 21:17 | Scout Tower |
| 21:18 | Scout Tower |
| 21:18 | Scout Tower |
| 21:38 | Bash |
| 21:47 | Guard Tower |
| 22:14 | Guard Tower |
| 22:21 | Divine Shield |
| 22:23 | Guard Tower |
| 23:00 | Peasant |
| 23:01 | Peasant |
| 23:01 | Peasant |
| 23:06 | Peasant |
| 23:06 | Peasant |
| 23:06 | Peasant |
| 23:26 | Scout Tower |
| 23:26 | Scout Tower |
| 24:02 | Scout Tower |
| 24:03 | Scout Tower |
| 24:03 | Scout Tower |
| 24:04 | Scout Tower |
| 24:04 | Scout Tower |
| 24:05 | Scout Tower |
| 24:06 | Scout Tower |
| 24:06 | Scout Tower |
| 24:07 | Scout Tower |
| 24:13 | Brilliance Aura |
| 24:32 | Scout Tower |
| 24:32 | Scout Tower |
| 24:33 | Scout Tower |
| 24:53 | Scout Tower |
| 24:53 | Scout Tower |
| 24:54 | Scout Tower |
| 24:57 | Guard Tower |
| 24:58 | Scout Tower |
| 24:59 | Scout Tower |
| 25:00 | Guard Tower |
| 25:07 | Storm Bolt |
| 25:24 | Guard Tower |
| 25:31 | Guard Tower |
| 25:33 | Scout Tower |
| 25:33 | Scout Tower |
| 25:34 | Scout Tower |
| 25:34 | Scout Tower |
| 25:49 | Guard Tower |
| 25:52 | Scout Tower |
| 25:52 | Scout Tower |
| 25:52 | Scout Tower |
| 25:53 | Scout Tower |
| 26:10 | Scout Tower |
| 26:11 | Scout Tower |
| 26:11 | Scout Tower |
| 26:37 | Guard Tower |
| 26:47 | Guard Tower |
| 27:15 | Holy Light |
| 27:23 | Guard Tower |
| 27:26 | Scout Tower |
| 27:27 | Scout Tower |
| 27:27 | Scout Tower |
| 27:33 | Guard Tower |
| 28:26 | Scout Tower |
| 28:27 | Scout Tower |
| 28:42 | Scout Tower |
| 28:42 | Scout Tower |
| Right click | 1833 |
| Select | 1056 |
| Select group | 582 |
| Build/train/purchase | 148 |
| Assign group | 101 |
| Use ability | 74 |
| Minimap ping | 9 |
| Misc. action | 8 |
| Remove unit | 3 |
| Item give/drop | 1 |
⇛
TIMG4STRok
(29:05) : 


| Orb of Venom | 1 | 325 |
| Staff of Teleportation | 3 | 450 |
| Boots of Speed | 3 | 750 |
| Circlet of Nobility | 5 | 875 |
| Staff of Sanctuary | 2 | 500 |
| Orb of Fire | 1 | 325 |
| total: | 15 | 3225g |
| Wisp | 42 | 2520 | / | 0 |
| total: | 42 | 2520g | / | 0w |
| Ancient Protector | 4 | 540 | / | 320 |
| Altar of Elders | 1 | 180 | / | 50 |
| Moon Well | 22 | 3960 | / | 880 |
| Tree of Life | 3 | 1020 | / | 555 |
| Ancient of Wonders | 3 | 270 | / | 90 |
| Hunter's Hall | 1 | 210 | / | 100 |
| Ancient of Wind | 1 | 150 | / | 140 |
| Tree of Ages | 1 | 320 | / | 180 |
| Tree of Eternity | 1 | 330 | / | 200 |
| total: | 35 | 6330g | / | 2135w |
| 0:02 | Wisp |
| 0:02 | Wisp |
| 0:04 | Altar of Elders |
| 0:12 | Moon Well |
| 0:29 | Wisp |
| 0:33 | Moon Well |
| 0:42 | Wisp |
| 0:54 | Moon Well |
| 0:59 | Wisp |
| 0:59 | Wisp |
| 1:18 | Wisp |
| 1:18 | Wisp |
| 1:30 | Wisp |
| 1:33 | Wisp |
| 2:00 | Wisp |
| 2:07 | Entangling Roots |
| 2:15 | Wisp |
| 2:15 | Wisp |
| 2:35 | Wisp |
| 3:34 | Wisp |
| 3:57 | Staff of Teleportation |
| 3:57 | Boots of Speed |
| 3:58 | Circlet of Nobility |
| 4:09 | Tree of Ages |
| 5:28 | Thorns Aura |
| 5:57 | Tree of Life |
| 6:18 | Moon Well |
| 6:34 | Tree of Eternity |
| 7:08 | Tree of Life |
| 7:37 | Trueshot Aura |
| 7:50 | Ancient of Wonders |
| 7:53 | Ancient of Wonders |
| 7:54 | Ancient of Wonders |
| 8:36 | Wisp |
| 8:36 | Wisp |
| 8:36 | Wisp |
| 8:37 | Wisp |
| 8:37 | Wisp |
| 9:08 | Entangling Roots |
| 9:14 | Frost Arrows |
| 9:50 | Wisp |
| 9:51 | Wisp |
| 9:51 | Wisp |
| 9:51 | Wisp |
| 9:52 | Wisp |
| 9:54 | Wisp |
| 9:54 | Wisp |
| 9:54 | Wisp |
| 9:55 | Wisp |
| 9:56 | Hunter's Hall |
| 10:23 | Orb of Venom |
| 11:24 | Boots of Speed |
| 11:28 | Boots of Speed |
| 11:30 | Circlet of Nobility |
| 11:34 | Well Spring |
| 11:34 | Ultravision |
| 11:38 | Moon Well |
| 11:39 | Moon Well |
| 11:42 | Moon Well |
| 11:44 | Moon Well |
| 11:44 | Moon Well |
| 11:47 | Moon Well |
| 11:48 | Moon Well |
| 12:04 | Moon Well |
| 12:05 | Moon Well |
| 12:24 | Searing Arrows |
| 13:34 | Wisp |
| 13:34 | Wisp |
| 14:45 | Ancient of Wind |
| 15:17 | Mana Shield |
| 15:46 | Circlet of Nobility |
| 15:47 | Staff of Teleportation |
| 16:19 | Moon Well |
| 16:40 | Ancient Protector |
| 16:41 | Ancient Protector |
| 16:42 | Ancient Protector |
| 16:44 | Wisp |
| 16:44 | Wisp |
| 16:45 | Wisp |
| 16:45 | Wisp |
| 16:48 | Circlet of Nobility |
| 16:48 | Staff of Teleportation |
| 16:54 | Ancient Protector |
| 17:02 | Wisp |
| 17:02 | Wisp |
| 17:23 | Moon Well |
| 17:46 | Strength of the Wild |
| 20:29 | Moon Well |
| 20:30 | Moon Well |
| 20:32 | Moon Well |
| 20:32 | Moon Well |
| 20:35 | Moon Well |
| 20:46 | Thorns Aura |
| 21:10 | Trueshot Aura |
| 22:22 | Frost Arrows |
| 24:04 | Tree of Life |
| 24:05 | Wisp |
| 24:06 | Wisp |
| 24:06 | Wisp |
| 24:07 | Wisp |
| 24:07 | Wisp |
| 26:41 | Circlet of Nobility |
| 26:49 | Staff of Sanctuary |
| 26:55 | Orb of Fire |
| 26:56 | Staff of Sanctuary |
| 27:28 | Moon Well |
| 27:29 | Moon Well |
| 27:54 | Searing Arrows |
| 28:59 | Mana Shield |
| Right click | 1512 |
| Select group | 812 |
| Select | 235 |
| Resource trade | 166 |
| Build/train/purchase | 116 |
| Chat | 78 |
| Misc. action | 71 |
| Use ability | 62 |
| Minimap ping | 31 |
| Item give/drop | 12 |
| Assign group | 5 |
| Esc | 1 |
176 units @ 26.5k
/ 4.5k
146 buildings @ 13.4k
/ 6.3k


| Healing Salve | 4 | 400 |
| Lesser Clarity Potion | 4 | 280 |
| Scroll of Speed | 1 | 50 |
| Orb of Lightning | 1 | 375 |
| Scroll of Town Portal | 1 | 350 |
| Dust of Appearance | 1 | 75 |
| total: | 12 | 1530g |
| Peon | 13 | 975 | / | 0 |
| Troll Headhunter | 8 | 1120 | / | 160 |
| Troll Batrider | 6 | 960 | / | 240 |
| Demolisher | 3 | 660 | / | 150 |
| Shaman | 2 | 260 | / | 40 |
| Troll Berserker | 5 | 700 | / | 100 |
| Wind Rider | 8 | 2120 | / | 320 |
| total: | 45 | 6795g | / | 1010w |
| Watch Tower | 2 | 220 | / | 160 |
| War Mill | 1 | 205 | / | 0 |
| Altar of Storms | 2 | 360 | / | 100 |
| Orc Burrow | 7 | 1120 | / | 280 |
| Barracks | 2 | 360 | / | 100 |
| Voodoo Lounge | 1 | 130 | / | 30 |
| Great Hall | 1 | 385 | / | 185 |
| Spirit Lodge | 2 | 300 | / | 300 |
| Beastiary | 2 | 290 | / | 280 |
| Stronghold | 1 | 315 | / | 190 |
| Fortress | 1 | 325 | / | 190 |
| total: | 20 | 3370g | / | 1435w |
| 0:09 | Peon |
| 0:16 | War Mill |
| 0:22 | Altar of Storms |
| 0:33 | Altar of Storms |
| 0:40 | Peon |
| 1:08 | Orc Burrow |
| 1:27 | Peon |
| 2:05 | Peon |
| 2:20 | Barracks |
| 2:26 | Peon |
| 2:26 | Peon |
| 2:38 | Peon |
| 2:50 | Barracks |
| 2:58 | Shockwave |
| 3:16 | Orc Burrow |
| 3:17 | Peon |
| 3:35 | Troll Headhunter |
| 4:03 | Orc Burrow |
| 4:10 | Stronghold |
| 4:13 | Troll Headhunter |
| 4:28 | Voodoo Lounge |
| 4:51 | Troll Headhunter |
| 4:53 | Troll Headhunter |
| 5:19 | Troll Headhunter |
| 5:23 | Steel Ranged Weapons |
| 5:52 | Healing Salve |
| 5:52 | Lesser Clarity Potion |
| 6:08 | Troll Headhunter |
| 6:53 | Troll Headhunter |
| 6:54 | Troll Regeneration |
| 6:59 | Endurance Aura |
| 7:26 | Shockwave |
| 7:41 | Fortress |
| 7:46 | Spirit Lodge |
| 7:51 | Spirit Lodge |
| 8:06 | Healing Salve |
| 8:20 | Orc Burrow |
| 8:33 | Troll Headhunter |
| 8:36 | Steel Armor |
| 8:37 | Thorium Ranged Weapons |
| 8:46 | Orc Burrow |
| 9:30 | Beastiary |
| 10:08 | Beastiary |
| 10:39 | Endurance Aura |
| 11:18 | Troll Batrider |
| 11:18 | Troll Batrider |
| 11:34 | Healing Salve |
| 11:41 | Hex |
| 11:42 | Scroll of Speed |
| 11:43 | Scroll of Town Portal |
| 11:52 | Troll Batrider |
| 12:10 | Orb of Lightning |
| 12:41 | Berserker Upgrade |
| 12:56 | Liquid Fire |
| 12:57 | Troll Batrider |
| 12:59 | Troll Batrider |
| 13:47 | Dust of Appearance |
| 13:55 | Great Hall |
| 15:15 | Thorium Armor |
| 16:43 | Demolisher |
| 16:43 | Demolisher |
| 16:47 | Peon |
| 16:49 | Peon |
| 17:54 | Burning Oil |
| 18:36 | Healing Wave |
| 19:17 | Healing Wave |
| 19:45 | Peon |
| 19:45 | Peon |
| 19:45 | Peon |
| 20:11 | Demolisher |
| 20:40 | Watch Tower |
| 20:43 | Watch Tower |
| 20:54 | Shaman |
| 20:54 | Shaman |
| 20:55 | Shaman Adept Training |
| 21:06 | Troll Berserker |
| 21:06 | Troll Berserker |
| 21:06 | Troll Berserker |
| 21:08 | Arcanite Ranged Weapons |
| 22:46 | Troll Berserker |
| 23:10 | Troll Berserker |
| 23:22 | Wind Rider |
| 23:22 | Wind Rider |
| 23:23 | Wind Rider |
| 23:57 | Shaman Master Training |
| 24:14 | Orc Burrow |
| 24:22 | Wind Rider |
| 24:23 | Envenomed Spears |
| 25:17 | Troll Batrider |
| 25:20 | Wind Rider |
| 25:20 | Wind Rider |
| 25:40 | Orc Burrow |
| 25:44 | Wind Rider |
| 26:11 | Lesser Clarity Potion |
| 27:17 | Wind Rider |
| 27:21 | Shockwave |
| 27:24 | Healing Salve |
| 27:27 | Lesser Clarity Potion |
| 27:40 | Lesser Clarity Potion |
| Right click | 1166 |
| Select | 422 |
| Select group | 216 |
| Build/train/purchase | 97 |
| Use ability | 62 |
| Assign group | 40 |
| Minimap ping | 12 |
| Misc. action | 9 |
| Remove unit | 3 |
| Item give/drop | 2 |

| Lesser Clarity Potion | 4 | 280 |
| total: | 4 | 280g |
| Peasant | 21 | 1575 | / | 0 |
| Footman | 5 | 675 | / | 0 |
| Rifleman | 5 | 1025 | / | 150 |
| Dragonhawk Rider | 12 | 2400 | / | 360 |
| Gryphon Rider | 11 | 3080 | / | 770 |
| Wisp | 5 | 300 | / | 0 |
| total: | 59 | 9055g | / | 1280w |
| Scout Tower | 72 | 2160 | / | 1440 |
| Guard Tower | 17 | 1190 | / | 850 |
| Arcane Tower | 1 | 70 | / | 50 |
| Altar of Kings | 1 | 180 | / | 50 |
| Farm | 15 | 1200 | / | 300 |
| Barracks | 2 | 320 | / | 120 |
| Blacksmith | 1 | 140 | / | 60 |
| Lumber Mill | 2 | 240 | / | 0 |
| Arcane Vault | 1 | 130 | / | 30 |
| Town Hall | 1 | 385 | / | 205 |
| Cannon Tower | 4 | 480 | / | 400 |
| Gryphon Aviary | 3 | 420 | / | 450 |
| Workshop | 1 | 140 | / | 140 |
| Keep | 1 | 320 | / | 210 |
| Castle | 1 | 360 | / | 210 |
| Moon Well | 7 | 1260 | / | 280 |
| Ancient of Lore | 2 | 310 | / | 290 |
| total: | 108 | 6885g | / | 3365w |
| 0:07 | Peasant |
| 0:07 | Peasant |
| 0:08 | Peasant |
| 0:38 | Altar of Kings |
| 0:42 | Farm |
| 1:02 | Barracks |
| 1:21 | Farm |
| 1:36 | Blacksmith |
| 1:38 | Peasant |
| 2:07 | Footman |
| 2:30 | Lumber Mill |
| 2:40 | Footman |
| 2:42 | Holy Light |
| 2:53 | Farm |
| 2:54 | Scout Tower |
| 2:57 | Scout Tower |
| 3:04 | Arcane Vault |
| 3:16 | Peasant |
| 3:16 | Peasant |
| 3:16 | Peasant |
| 3:16 | Peasant |
| 3:34 | Farm |
| 4:01 | Rifleman |
| 4:16 | Barracks |
| 4:23 | Rifleman |
| 4:29 | Farm |
| 5:03 | Rifleman |
| 5:20 | Rifleman |
| 5:27 | Footman |
| 5:30 | Farm |
| 5:34 | Scout Tower |
| 5:36 | Guard Tower |
| 5:39 | Guard Tower |
| 5:52 | Footman |
| 6:12 | Footman |
| 6:30 | Devotion Aura |
| 6:39 | Rifleman |
| 6:50 | Scout Tower |
| 6:52 | Scout Tower |
| 6:57 | Arcane Tower |
| 6:58 | Lesser Clarity Potion |
| 7:36 | Town Hall |
| 7:51 | Defend |
| 8:20 | Lesser Clarity Potion |
| 8:21 | Lesser Clarity Potion |
| 8:21 | Lesser Clarity Potion |
| 8:51 | Farm |
| 8:52 | Farm |
| 9:08 | Scout Tower |
| 9:09 | Scout Tower |
| 9:10 | Scout Tower |
| 9:10 | Scout Tower |
| 9:11 | Scout Tower |
| 9:12 | Scout Tower |
| 9:14 | Scout Tower |
| 9:15 | Scout Tower |
| 9:17 | Scout Tower |
| 9:25 | Divine Shield |
| 9:44 | Guard Tower |
| 9:47 | Guard Tower |
| 9:52 | Scout Tower |
| 9:53 | Scout Tower |
| 9:53 | Scout Tower |
| 9:55 | Scout Tower |
| 9:56 | Scout Tower |
| 9:57 | Scout Tower |
| 9:58 | Scout Tower |
| 10:03 | Scout Tower |
| 10:05 | Scout Tower |
| 10:06 | Scout Tower |
| 10:13 | Scout Tower |
| 10:14 | Scout Tower |
| 10:15 | Scout Tower |
| 10:16 | Scout Tower |
| 10:18 | Scout Tower |
| 10:20 | Scout Tower |
| 10:20 | Scout Tower |
| 10:22 | Farm |
| 10:23 | Farm |
| 10:24 | Farm |
| 10:25 | Farm |
| 10:29 | Peasant |
| 10:29 | Peasant |
| 10:29 | Peasant |
| 10:35 | Improved Masonry |
| 10:40 | Peasant |
| 10:40 | Peasant |
| 10:55 | Peasant |
| 10:55 | Peasant |
| 11:40 | Keep |
| 11:47 | Scout Tower |
| 11:48 | Scout Tower |
| 11:49 | Scout Tower |
| 11:50 | Scout Tower |
| 11:51 | Scout Tower |
| 11:52 | Scout Tower |
| 11:54 | Scout Tower |
| 11:55 | Scout Tower |
| 11:55 | Scout Tower |
| 11:56 | Scout Tower |
| 11:56 | Scout Tower |
| 11:58 | Scout Tower |
| 12:11 | Peasant |
| 12:11 | Peasant |
| 12:23 | Lumber Mill |
| 12:43 | Peasant |
| 12:43 | Peasant |
| 13:07 | Guard Tower |
| 13:08 | Guard Tower |
| 13:17 | Guard Tower |
| 13:34 | Scout Tower |
| 13:35 | Scout Tower |
| 13:36 | Scout Tower |
| 13:43 | Farm |
| 13:44 | Farm |
| 13:45 | Farm |
| 14:01 | Improved Lumber Harvesting |
| 14:01 | Advanced Lumber Harvesting |
| 14:05 | Peasant |
| 14:36 | Gryphon Aviary |
| 14:37 | Gryphon Aviary |
| 14:40 | Gryphon Aviary |
| 14:54 | Peasant |
| 15:24 | Scout Tower |
| 15:25 | Scout Tower |
| 15:25 | Scout Tower |
| 15:27 | Scout Tower |
| 15:28 | Scout Tower |
| 15:31 | Scout Tower |
| 16:02 | Dragonhawk Rider |
| 16:02 | Dragonhawk Rider |
| 16:02 | Dragonhawk Rider |
| 16:02 | Dragonhawk Rider |
| 16:02 | Dragonhawk Rider |
| 16:15 | Guard Tower |
| 16:20 | Guard Tower |
| 16:47 | Workshop |
| 17:12 | Dragonhawk Rider |
| 17:13 | Dragonhawk Rider |
| 17:13 | Dragonhawk Rider |
| 17:20 | Advanced Masonry |
| 17:20 | Imbued Masonry |
| 17:34 | Guard Tower |
| 18:23 | Dragonhawk Rider |
| 18:24 | Dragonhawk Rider |
| 19:08 | Castle |
| 19:29 | Cannon Tower |
| 19:32 | Guard Tower |
| 19:36 | Cannon Tower |
| 19:37 | Cannon Tower |
| 19:39 | Guard Tower |
| 19:56 | Guard Tower |
| 20:20 | Guard Tower |
| 20:30 | Dragonhawk Rider |
| 20:30 | Dragonhawk Rider |
| 22:49 | Gryphon Rider |
| 22:49 | Gryphon Rider |
| 22:49 | Gryphon Rider |
| 22:49 | Gryphon Rider |
| 23:22 | Gryphon Rider |
| 23:23 | Gryphon Rider |
| 23:55 | Gryphon Rider |
| 23:56 | Gryphon Rider |
| 25:17 | Scout Tower |
| 25:17 | Scout Tower |
| 25:18 | Scout Tower |
| 25:19 | Scout Tower |
| 25:19 | Scout Tower |
| 25:20 | Scout Tower |
| 25:21 | Scout Tower |
| 25:22 | Scout Tower |
| 25:23 | Scout Tower |
| 25:24 | Scout Tower |
| 25:25 | Scout Tower |
| 25:26 | Scout Tower |
| 25:27 | Scout Tower |
| 25:49 | Scout Tower |
| 25:50 | Scout Tower |
| 26:01 | Ancient of Lore |
| 26:04 | Ancient of Lore |
| 26:06 | Moon Well |
| 26:09 | Moon Well |
| 26:18 | Guard Tower |
| 26:22 | Devotion Aura |
| 26:35 | Guard Tower |
| 26:43 | Scout Tower |
| 26:44 | Scout Tower |
| 26:44 | Scout Tower |
| 26:44 | Scout Tower |
| 26:46 | Scout Tower |
| 27:19 | Wisp |
| 27:19 | Wisp |
| 27:19 | Wisp |
| 27:19 | Wisp |
| 27:19 | Wisp |
| 27:23 | Moon Well |
| 27:24 | Moon Well |
| 27:24 | Moon Well |
| 27:25 | Moon Well |
| 27:27 | Moon Well |
| 27:37 | Guard Tower |
| 27:58 | Gryphon Rider |
| 27:58 | Gryphon Rider |
| 27:58 | Gryphon Rider |
| 28:23 | Cannon Tower |
| Right click | 806 |
| Select | 321 |
| Select group | 161 |
| Build/train/purchase | 124 |
| Assign group | 99 |
| Minimap ping | 31 |
| Misc. action | 28 |
| Use ability | 21 |
| Chat | 20 |
| Esc | 1 |
⇛
CoffeeBull
(24:58) : 
| Orb of Venom | 1 | 325 |
| Potion of Healing | 3 | 450 |
| Moonstone | 1 | 50 |
| Potion of Mana | 1 | 200 |
| Scroll of Town Portal | 1 | 350 |
| total: | 7 | 1375g |
| Wisp | 39 | 2340 | / | 0 |
| Archer | 2 | 260 | / | 20 |
| Huntress | 3 | 585 | / | 60 |
| Druid of the Claw | 3 | 765 | / | 240 |
| Dryad | 9 | 1305 | / | 540 |
| Mountain Giant | 8 | 2800 | / | 800 |
| Chimaera | 8 | 2640 | / | 560 |
| total: | 72 | 10695g | / | 2220w |
| Ancient Protector | 1 | 135 | / | 80 |
| Altar of Elders | 1 | 180 | / | 50 |
| Moon Well | 8 | 1440 | / | 320 |
| Ancient of War | 1 | 150 | / | 60 |
| Hunter's Hall | 1 | 210 | / | 100 |
| Ancient of Wonders | 1 | 90 | / | 30 |
| Tree of Life | 1 | 340 | / | 185 |
| Ancient of Lore | 2 | 310 | / | 290 |
| Chimaera Roost | 2 | 280 | / | 380 |
| Tree of Ages | 1 | 320 | / | 180 |
| Tree of Eternity | 1 | 330 | / | 200 |
| total: | 18 | 3135g | / | 1495w |
| 0:04 | Altar of Elders |
| 0:08 | Wisp |
| 0:08 | Wisp |
| 0:08 | Wisp |
| 0:11 | Moon Well |
| 0:41 | Ancient of War |
| 0:43 | Wisp |
| 0:55 | Wisp |
| 0:56 | Wisp |
| 1:17 | Wisp |
| 1:17 | Wisp |
| 1:28 | Moon Well |
| 1:34 | Wisp |
| 1:45 | Archer |
| 2:07 | Force of Nature |
| 2:20 | Hunter's Hall |
| 2:24 | Ancient of Wonders |
| 2:41 | Wisp |
| 2:41 | Wisp |
| 2:41 | Wisp |
| 2:53 | Archer |
| 3:36 | Tree of Ages |
| 3:38 | Huntress |
| 4:13 | Ultravision |
| 4:39 | Tree of Life |
| 4:45 | Thorns Aura |
| 4:54 | Huntress |
| 4:55 | Sentinel |
| 5:01 | Ancient Protector |
| 5:33 | Moon Well |
| 5:48 | Huntress |
| 5:57 | Ancient of Lore |
| 6:10 | Tree of Eternity |
| 7:24 | Druid of the Claw Adept Training |
| 7:25 | Druid of the Claw |
| 7:34 | Force of Nature |
| 7:43 | Strength of the Wild |
| 7:46 | Ancient of Lore |
| 7:49 | Wisp |
| 7:49 | Wisp |
| 7:50 | Wisp |
| 7:50 | Wisp |
| 7:50 | Wisp |
| 7:50 | Wisp |
| 7:50 | Wisp |
| 8:14 | Wisp |
| 8:14 | Wisp |
| 8:23 | Reinforced Hides |
| 8:44 | Wisp |
| 8:45 | Wisp |
| 8:45 | Wisp |
| 8:45 | Wisp |
| 8:45 | Wisp |
| 8:45 | Wisp |
| 8:46 | Wisp |
| 8:46 | Wisp |
| 9:06 | Druid of the Claw |
| 9:10 | Wisp |
| 9:10 | Wisp |
| 9:10 | Wisp |
| 9:11 | Wisp |
| 9:17 | Moon Well |
| 9:33 | Wisp |
| 9:33 | Wisp |
| 9:33 | Wisp |
| 9:47 | Druid of the Claw Master Training |
| 10:23 | Mark of the Claw |
| 10:26 | Druid of the Claw |
| 10:48 | Wisp |
| 10:48 | Wisp |
| 10:48 | Wisp |
| 10:51 | Abolish Magic |
| 10:52 | Hardened Skin |
| 10:53 | Resistant Skin |
| 10:57 | Well Spring |
| 11:27 | Improved Strength of the Wild |
| 11:28 | Improved Reinforced Hides |
| 11:36 | Dryad |
| 11:40 | Mountain Giant |
| 11:51 | Dryad |
| 12:06 | Orb of Venom |
| 12:20 | Moon Well |
| 12:28 | Moon Well |
| 13:11 | Advanced Strength of the Wild |
| 13:43 | Mountain Giant |
| 14:31 | Chimaera Roost |
| 14:33 | Advanced Reinforced Hides |
| 15:02 | Moon Well |
| 15:13 | Nature's Blessing |
| 15:19 | Entangling Roots |
| 15:25 | Scroll of Town Portal |
| 15:25 | Potion of Healing |
| 15:50 | Mountain Giant |
| 16:09 | Corrosive Breath |
| 16:12 | Chimaera |
| 16:27 | Moonstone |
| 16:33 | Chimaera |
| 17:36 | Moon Well |
| 19:08 | Chimaera |
| 19:08 | Chimaera |
| 19:13 | Dryad |
| 19:13 | Dryad |
| 19:13 | Dryad |
| 21:37 | Chimaera |
| 21:37 | Chimaera |
| 22:35 | Dryad |
| 22:35 | Dryad |
| 22:35 | Dryad |
| 22:37 | Chimaera |
| 22:37 | Chimaera |
| 22:39 | Force of Nature |
| 22:47 | Dryad |
| 23:13 | Potion of Healing |
| 23:15 | Potion of Mana |
| 23:19 | Potion of Healing |
| 23:25 | Chimaera Roost |
| 24:47 | Mountain Giant |
| 24:47 | Mountain Giant |
| 24:47 | Mountain Giant |
| 24:47 | Mountain Giant |
| 24:48 | Mountain Giant |
| Right click | 860 |
| Select | 530 |
| Build/train/purchase | 156 |
| Select group | 61 |
| Use ability | 48 |
| Resource trade | 26 |
| Assign group | 22 |
| Misc. action | 4 |
| Minimap ping | 3 |
| Item give/drop | 1 |
| Remove unit | 1 |
| Esc | 1 |